 Dungeon Sprint DCSS version 0.18-a0-1577-gf591c28 (webtiles) character file.

2 pipel the Grave Robber (level 1, 0/17 HPs)
             Began as a Minotaur Necromancer on Mar 19, 2016.
             Was an Initiate of Okawaru.
             Slain by an ufetubus (4 damage)
             ... in the Dungeon (Sprint VII: "The Pits").
             The game lasted 00:00:59 (76 turns).

pipel the Grave Robber (Minotaur Necromancer)         Turns: 76, Time: 00:00:59

Health: 0/17       AC:  2    Str: 12    XL:     1   Next: 25%
Magic:  0/1        EV: 12    Int: 12    God:    Okawaru [......]
Gold:   0          SH:  0    Dex: 10    Spells: 2 memorised, 0 levels left

rFire  . . .     SeeInvis .     a - +2 trident
rCold  . . .     Gourm    .     j - +0 robe
rNeg   . . .     Faith    .     (no shield)
rPois  .         Spirit   .     (helmet restricted)
rElec  .         Dismiss  .     (no cloak)
rCorr  .         Reflect  .     (no gloves)
SustAt .         Harm     .     (no boots)
MR     .....     NoTele   +     (no amulet)
Stlth  +.........               (no ring)
                                (no ring)

@: not resistant to hostile enchantments, very unstealthy
A: retaliatory headbutt, horns 2
a: Renounce Religion


You were in the Dungeon.
You worshipped Okawaru.
Okawaru was noncommittal.
You were not hungry.

You visited 1 branch

Inventory:

Hand Weapons
 a - a +2 trident (weapon)
Missiles
 n - 10 stones (quivered)
Armour
 j - a +0 robe (worn)
Magical Staves
 b - an uncursed staff of energy
Scrolls
 i - a scroll of blinking
 p - 3 scrolls of remove curse
 q - 5 scrolls of amnesia
 r - a scroll of summoning
 s - 2 scrolls of vulnerability
Potions
 d - a potion of curing
 e - a potion of heal wounds
 f - a potion of haste
 g - 4 potions of magic
 h - 3 potions of berserk rage
 m - 2 potions of invisibility
Books
 o - a book of Necromancy

   Spells                             Type                      Level
   a - Pain                           Necromancy                   1
   b - Animate Skeleton               Necromancy                   1
   c - Vampiric Draining              Necromancy                   3
   d - Regeneration                   Charms/Necromancy            3
   e - Animate Dead                   Necromancy                   4
   f - Control Undead                 Necromancy                   4
Comestibles
 c - 8 bread rations
 k - 40 fruits
 l - 7 meat rations
 t - 2 chunks of flesh


   Skills:
 * Level 2.3 Fighting
 + Level 2.5 Dodging
 - Level 1.5 Stealth
 + Level 0.2 Unarmed Combat
 - Level 1.3 Spellcasting
 - Level 2.9 Necromancy


You couldn't memorise any spells.
You knew the following spells:

 Your Spells              Type           Power        Failure   Level  Hunger
a - Animate Skeleton      Necr           N/A          12%         1    ##.....
p - Pain                  Necr           #...         12%         1    ##.....


Dungeon Overview and Level Annotations

Branches:
Dungeon (1/1)

Altars:
Ashenzari
Cheibriados
Dithmenos
Elyvilon
Fedhas
Gozag
Kikubaaqudgha
Makhleb
Nemelex Xobeh
Okawaru
Pakellas
Qazlal
Ru
Sif Muna
Trog
Vehumet
Xom
Yredelemnul
Zin
The Shining One
Beogh
Jiyva
Lugonu


Innate Abilities, Weirdness & Mutations

You reflexively headbutt those who attack you in melee.
You have a pair of horns on your head.


Message History

Before your eyes, flesh is ripped from the corpse!
The dead are walking!
t - 2 chunks of flesh
There is an open door to the Storerooms (Easy) here.
You now have 0/1 mp.
You open the door.
An ufetubus and a zombie come into view.
The ufetubus shouts!
The ufetubus hits you.
The ufetubus hits you but does no damage.
Your giant gecko skeleton bites the ufetubus.
You take 4 damage, and have 8/17 hp.
MASSIVE DAMAGE!!
Your giant gecko skeleton completely misses the ufetubus.
There is an open door here.
You hit the ufetubus but do no damage.
The ufetubus is heavily wounded.
The ufetubus hits you.
* * * LOW HITPOINT WARNING * * *
The ufetubus closely misses you. The ufetubus hits you.
You die...

############
#__________#
#__________#
#_#####'##############++
#_#)))'.'..##...........
#_#).)#.#..##......#..#
#######@#####..........
#......5Z...'...........
#+#####'#####......#..#.
#Z# #........... #.#
####'#####+ +.#
#.......# ### #.......#
#.......# #...<...#


You could see an ufetubus, a giant cockroach zombie and a friendly giant gecko
skeleton.

Vanquished Creatures
  A giant gecko (D)
1 creature vanquished.

Notes
Turn   | Place    | Note
--------------------------------------------------------------
     0 | D        | pipel the Minotaur Necromancer began the quest for the Orb.
     0 | D        | Reached XP level 1. HP: 14/14 MP: 1/1
    16 | D        | Learned a level 1 spell: Animate Skeleton
    32 | D        | Found a sacrificial altar of Ru.
    32 | D        | Found a basalt altar of Yredelemnul.
    32 | D        | Found a glowing golden altar of the Shining One.
    32 | D        | Found a deep blue altar of Sif Muna.
    32 | D        | Found a burning altar of Makhleb.
    32 | D        | Found an ancient bone altar of Kikubaaqudgha.
    32 | D        | Found a glowing silver altar of Zin.
    33 | D        | Found a shadowy altar of Dithmenos.
    33 | D        | Found a bloodstained altar of Trog.
    33 | D        | Found a shattered altar of Ashenzari.
    33 | D        | Found a white marble altar of Elyvilon.
    33 | D        | Found a snail-covered altar of Cheibriados.
    33 | D        | Found a blossoming altar of Fedhas.
    33 | D        | Found a radiant altar of Vehumet.
    33 | D        | Found a shimmering altar of Xom.
    33 | D        | Found a sparkling altar of Nemelex Xobeh.
    33 | D        | Found a corrupted altar of Lugonu.
    33 | D        | Found a viscous altar of Jiyva.
    33 | D        | Found a roughly hewn altar of Beogh.
    33 | D        | Found an iron altar of Okawaru.
    34 | D        | Found an oddly glowing altar of Pakellas.
    37 | D        | Found a stormy altar of Qazlal.
    38 | D        | Found an opulent altar of Gozag.
    40 | D        | Became a worshipper of Warmaster Okawaru
    76 | D        | Slain by an ufetubus

Vault maps used:
D:        pitsprint

Skill      XL: |  1 |
---------------+----+-----
Fighting       | 2 |  2.3
Dodging        | |  2.5
Stealth        | |  1.5
Unarmed Combat | |  0.2
Spellcasting   | |  1.3
Necromancy     | |  2.9

Action                   || total
-------------------------++-------
Melee: Unarmed           ||     2
       Trident           ||     1
 Cast: Pain              ||     1
       Animate Skeleton  ||     1
